 Dungeon Crawl Stone Soup version 0.17-a0-1093-g0b3cd89 (webtiles) character file.

95 Hanyuu the Insei (level 4, -2/29 HPs)
             Began as an Octopode Transmuter on May 20, 2015.
             Slain by an orc priest
             ... wielding a +0 flail
              (8 damage)
             ... on level 3 of the Dungeon.
             The game lasted 00:05:05 (2458 turns).

Hanyuu the Insei (Octopode Transmuter)              Turns: 2458, Time: 00:05:06

Health: -2/29      AC:  1    Str:  9    XL:     4   Next: 65%
Magic:  7/7        EV: 12    Int: 16    God:
Gold:   44         SH:  0    Dex: 12    Spells: 3 memorised, 1 level left

rFire  . . .     SeeInvis .       - Unarmed
rCold  . . .     Clarity  .     (no shield)
rNeg   . . .     SustAb   .     (helmet restricted)
rPois  .         Gourm    .     g - amulet of stasis
rElec  .         Spirit   .     (no ring)
rCorr  .         Warding  .     (no ring)
rMut   .         Stasis   +     (no ring)
MR     .....                    (no ring)
Stlth  ++........               (no ring)
                                (no ring)
                                (no ring)
                                (no ring)

@: not resistant to hostile enchantments, unstealthy
A: almost no armour, amphibious, 8 rings, constrict 8, camouflage 1, gelatinous
body 1
a: no special abilities


You were on level 3 of the Dungeon.
You were not hungry.

You visited 1 branch of the dungeon, and saw 3 of its levels.

You collected 44 gold pieces.

Inventory:

Hand weapons
 l - a +0 hunting sling
Missiles
 a - 12 arrows
 n - 13 stones (quivered)
 p - 16 poisoned needles
Jewellery
 g - an amulet of stasis (around mantle)
Scrolls
 e - 5 scrolls of identify {unknown}
 f - 4 scrolls of fear {unknown}
 k - a scroll of teleportation {unknown}
 q - a scroll of noise {unknown}
 r - a scroll of remove curse {unknown}
Potions
 h - 3 potions of heal wounds {unknown}
 i - a potion of lignification {unknown}
 j - 2 potions of flight {unknown}
 s - a potion of agility {unknown}
Books
 b - a book of Changes

   Spells                             Type                      Level
   a - Beastly Appendage              Transmutation                1
   b - Sticks to Snakes               Transmutation                2
   c - Spider Form                    Transmutation/Poison         3
   d - Ice Form                       Ice/Transmutation            4
   e - Blade Hands                    Transmutation                5
Comestibles
 c - a bread ration
 d - 2 fruits
 m - a beef jerky
 o - 3 chunks of flesh


   Skills:
 + Level 2.1 Fighting
 - Level 2.0 Dodging
 * Level 4.8 Unarmed Combat
 - Level 2.0 Spellcasting
 - Level 2.0 Transmutations


You had one spell level left.
You knew the following spells:

 Your Spells              Type           Power        Failure   Level  Hunger
a - Beastly Appendage     Trmt           #.....       10%         1    #......
b - Sticks to Snakes      Trmt           #.........   14%         2    ###....
c - Spider Form           Trmt/Pois      #.........   38%         3    ###....


Dungeon Overview and Level Annotations

Branches:
Dungeon (3/15)

Altars:
Kikubaaqudgha


Innate Abilities, Weirdness & Mutations

You cannot wear most types of armour.
You are amphibious.
You can wear up to eight rings at the same time.
You can use your tentacles to constrict eight enemies at once.
Your skin changes colour to match your surroundings (Stealth).
Your rubbery body absorbs attacks (AC +1).


Message History

You tentacle-slap the orc priest but do no damage.
The orc priest is lightly wounded.
You constrict the orc priest. The orc priest hits you with a flail.
* * * LOW HITPOINT WARNING * * *
You tentacle-slap the orc priest but do no damage.
The orc priest is lightly wounded.
You constrict the orc priest. The orc priest completely misses you.
You tentacle-slap the orc priest.
The orc priest is moderately wounded.
You constrict the orc priest. You barely miss the orc priest.
The orc priest is moderately wounded.
You constrict the orc priest, but do no damage.
The orc priest closely misses you.
The orc wizard gestures wildly while chanting.
The orc wizard seems to speed up.
You completely miss the orc priest.
The orc priest is moderately wounded.
You constrict the orc priest. The orc priest hits you with a flail!
You die...

. ... ....# ###
###...#####.....
......lo@....#
###...o#####.#
#..... #.....
...#... #. ....
. #.### #.


You could see an orc priest, an orc and a giant newt.

Vanquished Creatures
  An adder (D:2)
  An ooze (D:1)
  5 worms (D:2)
  3 giant geckos (D:2)
  2 orcs (D:3)
  A ball python (D:1)
  7 bats
  3 bat zombies (D:2)
  3 giant cockroaches (D:2)
  8 goblins
  7 hobgoblins
  2 jackals (D:3)
  A quokka (D:2)
  6 giant newts
  6 kobolds
  7 rats
63 creatures vanquished.

Notes
Turn   | Place    | Note
--------------------------------------------------------------
     0 | D:1      | Hanyuu the Octopode Transmuter began the quest for the Orb.
     0 | D:1      | Reached XP level 1. HP: 13/13 MP: 3/3
    20 | D:1      | Reached XP level 2. HP: 18/18 MP: 5/5
   470 | D:1      | Reached skill level 4 in Unarmed Combat
   517 | D:1      | Reached XP level 3. HP: 23/23 MP: 6/6
   521 | D:1      | Learned a level 2 spell: Sticks to Snakes
   525 | D:1      | Learned a level 3 spell: Spider Form
  1858 | D:2      | Reached XP level 4. HP: 22/29 MP: 5/7
  2070 | D:2      | Found an ancient bone altar of Kikubaaqudgha.
  2458 | D:3      | Slain by an orc priest

Vault maps used:
D:1:      onia_arrival_handbag, st_stairs_9, minivault_26
D:2:      lemuel_zombie_altar_kikubaaqudgha
D:3:      nicolae_gozag_zags_fifth_avenue, uniq_jessica, uniq_crazy_yiuf_cottage

Action                   |  1- 3 |  4- 6 || total
-------------------------+-------+-------++-------
Melee: Unarmed           |    92 |    61 ||   153
 Cast: Beastly Appendage |     2 |     2 ||     4
       Spider Form       |     1 |       ||     1
 Stab: Sleeping          |     3 |     2 ||     5
  Eat: Chunk             |     2 |     2 ||     4
       Fruit             |     1 |       ||     1
